 Dungeon Crawl Stone Soup version 0.25-a0-1079-g858b6a6ff6 (webtiles) character file.

Game seed: 12070198075688594653, levelgen mode: deterministic

603 kae the Chiller (level 7, 0/46 HPs)
             Began as a Merfolk Ice Elementalist on May 15, 2020.
             Shot with an arrow by a centaur (13 damage)
             ... on level 5 of the Dungeon.
             The game lasted 00:05:10 (5313 turns).

kae the Chiller (Merfolk Ice Elementalist)          Turns: 5313, Time: 00:05:10

Health: 0/46       AC:  6    Str: 10    XL:     7   Next: 42%
Magic:  13/13      EV: 12    Int: 15    God:
Gold:   238        SH:  0    Dex: 14    Spells: 10/14 levels left

rFire    . . .     SeeInvis +   m - +0 spear
rCold    . . .     Gourm    .   (no shield)
rNeg     . . .     Faith    .   i - +1 leather armour
rPois    .         Spirit   .   (no helmet)
rElec    .         Reflect  .   d - +1 cloak
rCorr    .         Harm     .   (no gloves)
MR       .....                  (no boots)
Stlth    ++........             (no amulet)
HPRegen  0.15/turn              k - ring of see invisible
MPRegen  0.13/turn              (no ring)

@: no status effects
A: change form in water, swift swim, stealthy swim
a: no special abilities


You were on level 5 of the Dungeon.
You were not hungry.

You visited 1 branch of the dungeon, and saw 5 of its levels.

You collected 238 gold pieces.

Inventory:

Hand Weapons
 g - a +0 short sword
 m - a +0 spear (weapon)
Armour
 a - a +0 robe
 d - a +1 cloak (worn)
 i - a +1 leather armour (worn)
Jewellery
 f - an uncursed ring of stealth {unknown}
 k - a ring of see invisible (left hand)
Wands
 o - a wand of iceblast (3)
Scrolls
 b - 2 scrolls of identify
 h - a scroll of noise
 j - 2 scrolls of blinking {unknown}
 n - a scroll of teleportation {unknown}
Potions
 e - a potion of might
 l - a potion of flight {unknown}
 p - a potion of cancellation {unknown}
Comestibles
 c - 6 rations
 q - 2 chunks of flesh


   Skills:
 + Level 4.4 Polearms
 - Level 2.6 Dodging
 - Level 2.1 Stealth
 + Level 4.1 Spellcasting
 * Level 7.7 Ice Magic


You had 10 spell levels left.
You knew the following spells:

 Your Spells              Type           Power        Failure   Level  Hunger
a - Freeze                Ice            ####         1%          1    None
b - Frozen Ramparts       Ice            ####..       3%          3    ###....

Your spell library contained the following spells:

 Spells                   Type           Power        Failure   Level  Hunger
 Ozocubu's Armour         Chrm/Ice       ##......     16%         3    ###....
 Summon Small Mammal      Summ           #...         24%         1    None
 Call Imp                 Summ           #.......     36%         2    ##.....
 Hailstorm                Conj/Ice       ##......     45%         4    ####...
 Summon Ice Beast         Ice/Summ       ##......     45%         4    ####...
 Call Canine Familiar     Summ           #.......     58%         3    ###....
 Summon Guardian Golem    Hex/Summ       #.......     58%         3    ###....
 Summon Lightning Spire   Summ/Air       #.......     94%         4    ####...


Dungeon Overview and Level Annotations

Branches:
Dungeon (5/15)
 Temple: D:4-7

Altars:
Cheibriados
Kikubaaqudgha
Nemelex Xobeh
Sif Muna
Trog
Vehumet
Wu Jian
Zin


Message History

A centaur comes into view.
The centaur shouts!
The centaur wields a +0 shortbow.
The centaur shoots an arrow.
The arrow barely misses you.
You see here an arrow.
A centaur is nearby!
A centaur is nearby!
A centaur is nearby!
The centaur shoots an arrow.
The arrow hits you!
You see here an arrow.
The centaur shoots an arrow.
The arrow closely misses you.
The centaur shoots an arrow.
The arrow hits you!
The centaur shoots an arrow.
The arrow hits you.
The centaur shoots an arrow.
The arrow hits you!
* * * LOW HITPOINT WARNING * * *
You see here an arrow.
The centaur shoots an arrow.
The arrow barely misses you.
There is a stone staircase leading down here.
The centaur shoots an arrow.
The arrow hits you!
You die...

#.......### ##. .....
#.....>.).# #....
######.#..######...
..............##.# ##....##
.######g.........# .......#
###..............###.. #......#
.........(...(........
.%.....## #..#####...(.....####
#.......# #.## ##.......@#
####.....# ..# ##.......#
##..c.....# . ###
##..####(###...#(....##.. #
##.>.# #.c.#...#.........
#...#######..(.#(.#....##
########...........c.......####
#........#.###.##.#....#####
#....................#.###### .
#...........##.......#......#
.#


You could see a centaur.

Vanquished Creatures
  An ogre (D:5)
  A centaur zombie (D:3)
  A bullfrog skeleton (D:4)
  3 hounds (D:4)
  5 orc wizards (D:4)
  A worker ant (D:4)
  6 gnolls (D:5)
  6 adders
  An ooze (D:5)
  4 worms
  3 dart slugs
  4 leopard geckos
  6 orcs
  A ball python (D:1)
  6 bats
  3 giant cockroaches
  8 goblins
  4 hobgoblins
  9 jackals
  6 kobolds
  2 quokkas
  4 frilled lizards
  A jackal skeleton (D:4)
  A quokka skeleton (D:4)
  12 rats
99 creatures vanquished.

Vanquished Creatures (others)
  A centaur skeleton (D:5)
1 creature vanquished.

Grand Total: 100 creatures vanquished

Notes
Turn   | Place    | Note
-------+----------+-------------------------------------------
     0 | D:1      | kae the Merfolk Ice Elementalist began the quest for the
                  | Orb.
     0 | D:1      | Reached XP level 1. HP: 13/13 MP: 3/3
   278 | D:1      | Reached XP level 2. HP: 16/19 MP: 0/5
   627 | D:1      | Reached skill level 5 in Ice Magic
  1066 | D:2      | Reached XP level 3. HP: 24/24 MP: 3/6
  1562 | D:2      | Reached XP level 4. HP: 30/30 MP: 8/8
  1694 | D:2      | Learned a level 3 spell: Frozen Ramparts
  2023 | D:3      | Noticed a moth of wrath
  2026 | D:3      | Found a bloodstained altar of Trog.
  2210 | D:3      | Reached skill level 1 in Polearms
  2457 | D:3      | Found a sparkling altar of Nemelex Xobeh.
  2464 | D:3      | Found a glowing silver altar of Zin.
  2524 | D:3      | Reached skill level 6 in Ice Magic
  2524 | D:3      | Reached XP level 5. HP: 35/35 MP: 7/9
  2673 | D:3      | Found an ancient bone altar of Kikubaaqudgha.
  2673 | D:3      | Found a radiant altar of Vehumet.
  3092 | D:3      | Found a shimmering blue altar of Sif Muna.
  3383 | D:4      | Reached XP level 6. HP: 14/41 MP: 5/11
  3661 | D:4      | Reached skill level 7 in Ice Magic
  4062 | D:4      | Reached XP level 7. HP: 46/46 MP: 12/12
  4066 | D:4      | Found an ornate altar of the Wu Jian Council.
  4154 | D:4      | Found a snail-covered altar of Cheibriados.
  4382 | D:5      | Entered Level 5 of the Dungeon
  5313 | D:5      | Shot with an arrow by a centaur

Illustrated notes

Levels and vault maps discovered:
D:1:      dpeg_arrival_leaves_temple_mockup, layout_basic, minivault_24,
          minmay_circled_x
D:2:      layout_basic
D:3:      layout_rooms, lemuel_blue_sif_altar, tgw_trog,
          chequers_temple_overflow_statue_of_worship, minitemple
D:4:      layout_loops_ring, kennysheep_slug_shrine, lemuel_doored_altar,
          nicolae_ossuary_entry_ruins, minmay_a_box_with_orc_wizards_in_it
D:5:      layout_rooms, first_ration, lemuel_flamethrower_2

Skill      XL: |  1  2  3  4  5  6  7 |
---------------+----------------------+-----
Ice Magic      | 5 6 7 |  7.7
Polearms       | 1 2 3 4 |  4.4
Spellcasting   | 3 4 |  4.1
Dodging        | |  2.6
Stealth        | |  2.1

Action                   |  1- 3 |  4- 6 |  7- 9 || total
-------------------------+-------+-------+-------++-------
Melee: Short sword       |    23 |     6 |       ||    29
       Unarmed           |     1 |       |       ||     1
       Spear             |       |    80 |    34 ||   114
 Cast: Freeze            |    46 |    78 |    34 ||   158
       Frozen Ramparts   |       |     1 |       ||     1
  Use: Scroll            |     3 |     2 |     2 ||     7
       Potion            |       |     3 |       ||     3
 Stab: Sleeping          |     5 |     1 |       ||     6
  Eat: Chunk             |     2 |     9 |     4 ||    15
Armor: Robe              |     4 |       |       ||     4
       Leather armour    |    17 |    27 |    13 ||    57
Dodge: Dodged            |    40 |    79 |    26 ||   145

Table legend:
 A = Non-vault XP
 B = Vault XP
 C = Vault XP percentage of total XP
 D = Non-vault monster count
 E = Vault monster count
 F = Vault count percentage of total count
                 A         B        C        D         E       F
            +---------+---------+-------+---------+---------+-------
      Total |     692 |     170 |  19.7 |      85 |      14 |  14.1
            +---------+---------+-------+---------+---------+-------
        D:1 |      25 |       7 |  21.9 |      15 |       4 |  21.1
        D:2 |      59 |       0 |   0.0 |      24 |       0 |   0.0
        D:3 |      74 |       9 |  10.8 |      11 |       5 |  31.2
        D:4 |     310 |     154 |  33.2 |      22 |       5 |  18.5
        D:5 |     224 |       0 |   0.0 |      13 |       0 |   0.0
            +---------+---------+-------+---------+---------+-------
